 Dungeon Crawl Stone Soup version 0.24.0-13-gcf9b3192b9 (webtiles) character file.

Game seed: 9819467093031826894, levelgen mode: deterministic

1403 Alabard the Skirmisher (level 8, -6/67 HPs)
             Began as a Gnoll Wanderer on Nov 8, 2019.
             Was a Follower of Qazlal.
             Killed from afar by an electric eel (14 damage)
             ... with a bolt of electricity
             ... on level 6 of the Dungeon.
             The game lasted 00:35:21 (7397 turns).

Alabard the Skirmisher (Gnoll Wanderer)             Turns: 7397, Time: 00:35:21

Health: -6/67      AC: 13    Str: 15    XL:     8   Next: 69%
Magic:  13/13      EV:  8    Int: 18    God:    Qazlal [*.....]
Gold:   342        SH:  2    Dex: 16    Spells: 13/13 levels left

rFire    + . .     SeeInvis .   o - +3 spear (vamp)
rCold    . . .     Gourm    +   (no shield)
rNeg     . . .     Faith    .   v - +3 chain mail {rF+}
rPois    .         Spirit   .   (no helmet)
rElec    .         Reflect  .   (no cloak)
rCorr    .         Harm     .   q - +0 pair of gloves
MR       +....                  (no boots)
Stlth    ..........             y - amulet of the gourmand
HPRegen  0.21/turn              k - ring of protection from magic
MPRegen  0.13/turn              s - +3 ring of intelligence

@: no status effects
A: distributed training, fangs 1, strong nose
a: Renounce Religion


You were on level 6 of the Dungeon.
You worshipped Qazlal.
Qazlal was aware of your devotion.
You were very full.

You visited 1 branch of the dungeon, and saw 6 of its levels.

You collected 342 gold pieces.

Inventory:

Hand Weapons
 o - a +3 vampiric spear (weapon)
 A - a +0 shortbow
Missiles
 a - 4 poisoned darts (quivered)
 u - 17 arrows
Armour
 q - a +0 pair of gloves (worn)
 v - a +3 chain mail of fire resistance (worn)
Jewellery
 j - an uncursed ring of fire
 k - a ring of protection from magic (left hand)
 s - a +3 ring of intelligence (right hand)
 y - an amulet of the gourmand (around neck)
Scrolls
 f - a scroll of remove curse
 h - a scroll of immolation {unknown}
 i - 2 scrolls of enchant weapon
 l - a scroll of blinking {unknown}
 m - a scroll of enchant armour
 n - 2 scrolls of teleportation {unknown}
 p - 3 scrolls of amnesia {unknown}
 t - a scroll of fear
 x - 3 scrolls of identify
Potions
 b - a potion of berserk rage
 c - a potion of lignification
 d - 4 potions of curing
 e - a potion of degeneration {unknown}
 r - a potion of mutation {unknown}
 w - a potion of haste {unknown}
 z - a potion of brilliance {unknown}
 C - 2 potions of flight {unknown}
Comestibles
 g - 8 rations


   Skills:
 + Level 7.4 Fighting
 + Level 3.4 Short Blades
 + Level 3.4 Long Blades
 + Level 3.4 Axes
 + Level 3.4 Maces & Flails
 + Level 3.4 Polearms
 + Level 3.4 Staves
 + Level 3.4 Slings
 + Level 3.4 Bows
 + Level 3.4 Crossbows
 + Level 4.3 Throwing
 + Level 3.4 Armour
 + Level 3.4 Dodging
 + Level 4.2 Stealth
 + Level 4.3 Shields
 + Level 4.3 Unarmed Combat
 + Level 3.4 Spellcasting
 + Level 2.8 Conjurations
 + Level 2.8 Hexes
 + Level 2.8 Charms
 + Level 2.8 Summonings
 + Level 2.8 Necromancy
 + Level 2.8 Translocations
 + Level 2.8 Transmutations
 + Level 2.8 Fire Magic
 + Level 2.8 Ice Magic
 + Level 2.8 Air Magic
 + Level 2.8 Earth Magic
 + Level 6.2 Poison Magic
 + Level 3.8 Invocations
 + Level 3.4 Evocations


You had 13 spell levels left.
You didn't know any spells.
Your spell library was empty.

Dungeon Overview and Level Annotations

Branches:
Dungeon (6/15)             Temple (0/1) D:6

Altars:
Ashenzari
Dithmenos
Fedhas
Kikubaaqudgha
Qazlal
The Shining One

Annotations:
D:5 3 runed translucent doors, GordonOverkill's ghost, weakling DDFi; Hyawatha's ghost, amateur DsAK; Matador8's ghost, amateur DrIE; mopl's ghost, novice GrMo


Innate Abilities, Weirdness & Mutations

Your experience applies equally to all skills.
You have very sharp teeth.
Your uncanny sense of smell can sniff out nearby items.


Message History

The bolt of electricity hits you!
The electric eel shoots out a bolt of lightning at you!
The bolt of electricity hits you.
The electric eel shoots out a bolt of lightning at you!
The bolt of electricity hits you!
The electric eel shoots out a bolt of lightning at you!
The bolt of electricity hits you!
The electric eel shoots out a bolt of lightning at you!
The bolt of electricity hits you!
The electric eel shoots out a bolt of lightning at you!
The bolt of electricity hits you!
* * * LOW HITPOINT WARNING * * *
The electric eel shoots out a bolt of lightning at you!
The bolt of electricity hits you.
* * * LOW HITPOINT WARNING * * *
The electric eel shoots out a bolt of lightning at you!
The bolt of electricity hits you.
* * * LOW HITPOINT WARNING * * *
The bolt of electricity hits you!
You die...

#.................##'#
#.................##.#
#.......†......#####.#
################ #.# #.#
######### #.# #.......#
#.# #######.#####.# #.#
#######.@.........#.###.#
#...[...#########.#.....#
#.#####.####### #........
.........................
......§..................
≈≈≈≈≈.;.≈≈≈≈.≈...≈≈≈≈..≈≈
≈≈≈≈≈≈≈≈≈≈≈≈≈≈≈≈≈≈≈≈≈≈≈≈≈
≈≈≈≈≈≈≈≈≈≈≈≈≈≈≈≈≈≈≈≈≈≈≈≈≈
≈≈≈≈≈≈#####≈≈≈≈≈≈≈≈≈≈≈≈≈≈


You could see an electric eel.

Vanquished Creatures
  An ogre (D:5)
  A centaur (D:6)
  2 big kobolds (D:6)
  2 bullfrogs (D:6)
  6 killer bees (D:6)
  A howler monkey (D:5)
  2 electric eels (D:6)
  2 crimson imps (D:5)
  A centaur zombie (D:6)
  4 worker ants
  Terence (D:2)
  A hound zombie (D:6)
  A worker ant zombie (D:6)
  11 gnolls
  9 adders
  An ooze (D:1)
  6 worms
  4 leopard geckos
  11 orcs
  3 giant cockroaches
  26 goblins
  21 hobgoblins
  13 jackals
  A quokka (D:5)
  A ball python (D:3)
  9 bats
  3 frilled lizards (D:2)
  12 kobolds
  3 rats
159 creatures vanquished.

Vanquished Creatures (others)
  2 withered plants (D:5)
2 creatures vanquished.

Grand Total: 161 creatures vanquished

Notes
Turn   | Place    | Note
-------+----------+-------------------------------------------
     0 | D:1      | Alabard the Gnoll Wanderer began the quest for the Orb.
     0 | D:1      | Alabard set off with the following items: a +0 club, a
                  | potion of berserk rage, a potion of lignification, a potion
                  | of curing, a +0 robe, a scroll of fear, a ration
     0 | D:1      | Reached XP level 1. HP: 23/23 MP: 1/1
   106 | D:1      | Reached XP level 2. HP: 22/29 MP: 2/2
   334 | D:1      | Reached XP level 3. HP: 12/35 MP: 3/3
   826 | D:1      | Reached skill level 1 in Invocations
  1135 | D:2      | Reached skill level 1 in Short Blades
  1135 | D:2      | Reached skill level 1 in Long Blades
  1135 | D:2      | Reached skill level 1 in Axes
  1135 | D:2      | Reached skill level 1 in Maces & Flails
  1135 | D:2      | Reached skill level 1 in Polearms
  1135 | D:2      | Reached skill level 1 in Staves
  1135 | D:2      | Reached skill level 1 in Slings
  1135 | D:2      | Reached skill level 1 in Bows
  1135 | D:2      | Reached skill level 1 in Crossbows
  1135 | D:2      | Reached skill level 1 in Armour
  1135 | D:2      | Reached skill level 1 in Dodging
  1135 | D:2      | Reached skill level 1 in Spellcasting
  1135 | D:2      | Reached skill level 1 in Evocations
  1184 | D:2      | Reached XP level 4. HP: 38/41 MP: 5/5
  1799 | D:2      | Reached skill level 1 in Conjurations
  1799 | D:2      | Reached skill level 1 in Hexes
  1799 | D:2      | Reached skill level 1 in Charms
  1799 | D:2      | Reached skill level 1 in Summonings
  1799 | D:2      | Reached skill level 1 in Necromancy
  1799 | D:2      | Reached skill level 1 in Translocations
  1799 | D:2      | Reached skill level 1 in Transmutations
  1799 | D:2      | Reached skill level 1 in Fire Magic
  1799 | D:2      | Reached skill level 1 in Ice Magic
  1799 | D:2      | Reached skill level 1 in Air Magic
  1799 | D:2      | Reached skill level 1 in Earth Magic
  1913 | D:2      | Reached XP level 5. HP: 37/47 MP: 6/6
  1979 | D:2      | Noticed Terence
  2012 | D:2      | Killed Terence
  3230 | D:4      | Found a blossoming altar of Fedhas.
  3230 | D:4      | Found a stormy altar of Qazlal.
  3672 | D:4      | Became a worshipper of Qazlal Stormbringer
  3744 | D:5      | Entered Level 5 of the Dungeon
  3805 | D:5      | Noticed an ogre
  3814 | D:5      | Killed an ogre
  3814 | D:5      | Reached XP level 6. HP: 45/53 MP: 8/8
  3994 | D:5      | Found a glowing golden altar of the Shining One.
  4248 | D:5      | Reached XP level 7. HP: 59/59 MP: 10/10
  4257 | D:5      | Found a runed translucent gate.
  4258 | D:5      | Noticed mopl's ghost (novice GrMo)
  4259 | D:5      | Noticed Matador8's ghost (amateur DrIE)
  4259 | D:5      | Noticed Hyawatha's ghost (amateur DsAK)
  4259 | D:5      | Noticed GordonOverkill's ghost (weakling DDFi)
  4260 | D:5      | Found a runed translucent gate.
  4261 | D:5      | Found a runed translucent gate.
  4994 | D:6      | Found a staircase to the Ecumenical Temple.
  5007 | D:6      | Reached skill level 7 in Fighting
  5480 | D:6      | HP: 4/90 [electric eel/bolt of electricity (8)]
  5480 | D:6      | HP: 1/90 [electric eel/bolt of electricity (3)]
  5483 | D:6      | Reached * piety under Qazlal
  5835 | D:6      | Reached XP level 8. HP: 59/67 MP: 12/12
  6722 | D:6      | Found an ancient bone altar of Kikubaaqudgha.
  6723 | D:6      | Found a shadowy altar of Dithmenos.
  6726 | D:6      | Found a shattered altar of Ashenzari.
  7397 | D:6      | Killed from afar by an electric eel

Levels and vault maps discovered:
D:1:      dpeg_arrival_three_same_balls, layout_rooms
D:2:      layout_loops_ring, first_ration, uniq_terence
D:3:      layout_loops_ring
D:4:      layout_cave_pools, grunt_temple_overflow_forces_of_nature
D:5:      layout_layer_cave, tso_metal_star, gammafunk_ghost_cemetery
D:6:      minmay_goblin_kobold_castle, layout_basic,
          nicolae_overflow_hidden_temple, minmay_temple_entry_overgrown,
          chequers_ossuary_entry_cave

Skill      XL: |  1  2  3  4  5  6  7  8 |
---------------+-------------------------+-----
Invocations    | 1 2 3 |  3.8
Short Blades   | 1 2 3 |  3.4
Long Blades    | 1 2 3 |  3.4
Axes           | 1 2 3 |  3.4
Maces & Flails | 1 2 3 |  3.4
Polearms       | 1 2 3 |  3.4
Staves         | 1 2 3 |  3.4
Slings         | 1 2 3 |  3.4
Bows           | 1 2 3 |  3.4
Crossbows      | 1 2 3 |  3.4
Armour         | 1 2 3 |  3.4
Dodging        | 1 2 3 |  3.4
Spellcasting   | 1 2 3 |  3.4
Evocations     | 1 2 3 |  3.4
Conjurations   | 1 2 |  2.8
Hexes          | 1 2 |  2.8
Charms         | 1 2 |  2.8
Summonings     | 1 2 |  2.8
Necromancy     | 1 2 |  2.8
Translocations | 1 2 |  2.8
Transmutations | 1 2 |  2.8
Fire Magic     | 1 2 |  2.8
Ice Magic      | 1 2 |  2.8
Air Magic      | 1 2 |  2.8
Earth Magic    | 1 2 |  2.8
Throwing       | 3 4 |  4.3
Shields        | 3 4 |  4.3
Unarmed Combat | 3 4 |  4.3
Stealth        | 3 4 |  4.2
Fighting       | 7 |  7.4
Poison Magic   | 6 |  6.2

Action                   |  1- 3 |  4- 6 |  7- 9 || total
-------------------------+-------+-------+-------++-------
Melee: Club              |    29 |       |       ||    29
       Punch             |     1 |     5 |       ||     6
       Bite              |    10 |    20 |    34 ||    64
       Short sword       |    43 |   136 |       ||   179
       War axe           |       |    46 |   142 ||   188
       Hunting sling     |       |     2 |       ||     2
       Spear             |       |       |    86 ||    86
 Fire: Hunting sling     |       |   106 |    17 ||   123
       Shortbow          |       |       |     9 ||     9
Throw: Stone             |    44 |       |       ||    44
       Javelin           |     6 |    15 |       ||    21
       Dart              |       |     6 |       ||     6
  Use: Scroll            |     2 |     5 |       ||     7
       Potion            |       |       |     6 ||     6
  Eat: Chunk             |       |    18 |    14 ||    32
Armor: Robe              |     7 |       |       ||     7
       Ring mail         |    12 |    46 |       ||    58
       Chain mail        |       |    49 |   204 ||   253
       Skin              |       |       |     2 ||     2
Dodge: Dodged            |    52 |   103 |   143 ||   298
Block: Other             |       |       |    21 ||    21
